 Dungeon Crawl Stone Soup version 0.27.1-34-g3ba077fa99 (webtiles) character file.

Game seed: 18206982465901584137

2439 MisterFreud the Protected (level 9, -1/65 HPs)
             Began as a Gnoll Wanderer on Jan 1, 2022.
             Was an Elder of Cheibriados.
             Slain by a cyclops (23 damage)
             ... on level 7 of the Dungeon.
             The game lasted 00:08:35 (6419 turns).

MisterFreud the Protected (Gnoll Wanderer)          Turns: 6419, Time: 00:08:35

Health: -1/65      AC: 12    Str: 22    XL:     9   Next: 49%
Magic:  15/15      EV: 13    Int: 25    God:    Cheibriados [****..]
Gold:   216        SH:  0    Dex: 21    Spells: 16/16 levels left

rFire    . . .     SeeInvis .   n - +3 rapier (venom)
rCold    . . .     Faith    .   (no shield)
rNeg     . . .     Spirit   .   b - +2 scale mail
rPois    .         Reflect  .   (no helmet)
rElec    .         Harm     .   t - +0 cloak
rCorr    .         Rampage  .   (no gloves)
Will     .....                  (no boots)
Stlth    ++........             u - amulet of regeneration
HPRegen  1.20/turn              (no ring)
MPRegen  0.14/turn              (no ring)

@: very slow
A: fangs 1, strong nose, distributed training
a: Renounce Religion, Bend Time, Temporal Distortion, Slouch


You were on level 7 of the Dungeon.
You worshipped Cheibriados.
Cheibriados was greatly pleased with you.
You visited 1 branch of the dungeon, and saw 7 of its levels.

You collected 261 gold pieces.
You spent 45 gold pieces at shops.

Inventory:

Hand Weapons
 a - a +0 hand axe
 n - a +3 rapier of venom (weapon)
 o - a +6 flail of holy wrath
Missiles
 e - 6 atropa-tipped darts
 p - 3 javelins
 v - 4 curare-tipped darts
 w - 8 boomerangs (quivered)
Armour
 b - a +2 scale mail (worn)
 t - a +0 cloak (worn)
Jewellery
 u - an amulet of regeneration (around neck)
Wands
 j - a wand of flame (27)
 q - a wand of iceblast (8)
Scrolls
 c - 4 scrolls of teleportation
 d - a scroll of blinking
 i - a scroll of enchant armour {unknown}
 l - 3 scrolls of magic mapping
 r - 2 scrolls of fear
 x - a scroll of immolation
Potions
 f - 3 potions of flight
 g - 2 potions of curing
 h - a potion of cancellation {unknown}
 k - a potion of berserk rage {unknown}
 m - a potion of attraction {unknown}
 z - 2 potions of degeneration {unknown}


   Skills:
 + Level 4.3 Fighting
 + Level 4.3 Short Blades
 + Level 4.3 Long Blades
 + Level 9.6 Axes
 + Level 4.3 Maces & Flails
 + Level 4.3 Polearms
 + Level 4.3 Staves
 + Level 4.3 Slings
 + Level 4.3 Bows
 + Level 4.3 Crossbows
 + Level 4.3 Throwing
 + Level 9.6 Armour
 + Level 4.3 Dodging
 + Level 5.0 Stealth
 + Level 4.3 Shields
 + Level 4.3 Unarmed Combat
 + Level 4.3 Spellcasting
 + Level 3.5 Conjurations
 + Level 3.5 Hexes
 + Level 3.5 Summonings
 + Level 3.5 Necromancy
 + Level 3.5 Translocations
 + Level 3.5 Transmutations
 + Level 3.5 Fire Magic
 + Level 3.5 Ice Magic
 + Level 3.5 Air Magic
 + Level 3.5 Earth Magic
 + Level 3.5 Poison Magic
 + Level 4.7 Invocations
 + Level 5.1 Evocations


You had 16 spell levels left.
You didn't know any spells.
Your spell library contained the following spells:

 Spells                   Type           Power      Damage    Failure   Level
 Corona                   Hex            25%        N/A       4%          1
 Pain                     Necr           92%        1d8       4%          1
 Ensorcelled Hibernation  Hex/Ice        46%        N/A       7%          2
 Tukima's Dance           Hex            23%        N/A       14%         3
 Agony                    Necr           23%        N/A       77%         5
 Excruciating Wounds      Necr           11%        N/A       77%         5


Dungeon Overview and Level Annotations

Branches:
Dungeon (7/15)             Temple (0/1) D:4

Altars:
Cheibriados
Lugonu

Shops:
D:1 [((   D:3 ?

Portals:
Abyss: D:3

Annotations:
D:3 2 runed translucent doors
D:4 2 runed translucent doors, raph's ghost, amateur TrBe


Innate Abilities, Weirdness & Mutations

You have very sharp teeth.
Your uncanny sense of smell can sniff out nearby items.
Your experience applies equally to all skills.


Message History

Okay, then.
A bullfrog comes into view.
The cyclops hits you!!
You puncture the cyclops!
The cyclops is poisoned.
The cyclops is moderately wounded.
The cyclops hits you but does no damage.
You hit the cyclops but do no damage.
The cyclops looks as sick as possible!
The cyclops is moderately wounded.
You puncture the cyclops!
The cyclops looks as sick as possible!
The cyclops is heavily wounded.
The bullfrog croaks.
You hear a shout! x2
The cyclops closely misses you.
An orc comes into view. It is wielding a +0 hand axe.
You completely miss the cyclops.
The cyclops is heavily wounded.
The cyclops completely misses you.
You hit the cyclops.
The cyclops is severely wounded.
You hit the cyclops.
The cyclops looks as sick as possible!
You bite the cyclops, but do no damage.
The cyclops is severely wounded.
The cyclops hits you!
You hit the cyclops but do no damage.
The cyclops looks as sick as possible!
The cyclops is severely wounded.
The bullfrog misses you. The cyclops hits you!
An orc comes into view. It is wielding a +0 club.
The bullfrog hits you but does no damage.
You puncture the bullfrog!
The bullfrog looks as sick as possible!
The bullfrog is heavily wounded.
The bullfrog closely misses you.
You hit the bullfrog.
The bullfrog looks as sick as possible!
The bullfrog is almost dead.
The bullfrog hits you but does no damage.
The cyclops hits you!
You hit the cyclops but do no damage.
The cyclops is almost dead.
You kill the bullfrog!
Cheibriados thoroughly appreciates the change of pace.
The cyclops hits you!!
You die...

...##))..######.###....
.....<)##....##.........
.#.............######..#
..........#...## ##...#
..#......##..#####.....#
.##..#....#...#........#
.....#................##
.....####....#.........#
..... #...##.##.@C.....#
... ........###o......
........# ......# #...
.... ......# ....
....### #o..# .... ∆
....#


You could see a cyclops (extremely poisoned) and 2 orcs.

Vanquished Creatures
  An ugly thing (D:6)
  Eustachio (D:6)
  Edmund (D:6)
  An ice beast (D:5)
  2 black bears
  3 ogres
  2 necrophages
  A centaur (D:6)
  2 bullfrogs (D:7)
  2 scorpions
  A wyvern zombie (D:7)
  A water moccasin zombie (D:3)
  A water moccasin skeleton (D:6)
  A howler monkey (D:6)
  3 bullfrog zombies
  An orc priest (D:5)
  2 hounds (D:6)
  A bullfrog skeleton (D:5)
  A centaur skeleton (D:6)
  Jessica (D:2)
  4 iguanas
  3 orc wizards
  4 gnolls (D:3)
  4 adders
  A white imp (D:6)
  2 ufetubi
  2 worms (D:2)
  5 dart slugs
  15 orcs
  5 bats
  2 endoplasms
  7 hobgoblins
  8 jackals
  A quokka (D:1)
  9 ball pythons
  4 frilled lizards
  6 goblins
  5 kobolds
  5 rats
121 creatures vanquished.

Notes
Turn   | Place    | Note
-------+----------+-------------------------------------------
     0 | D:1      | MisterFreud the Gnoll Wanderer began the quest for the Orb.
     0 | D:1      | MisterFreud set off with the following items: a +0 hand
                  | axe, a +2 scale mail, a scroll of teleportation
     0 | D:1      | Reached XP level 1. HP: 13/13 MP: 1/1
   188 | D:1      | Reached XP level 2. HP: 18/19 MP: 2/2
   276 | D:1      | Found Juguid's Weapon Shop.
   343 | D:1      | Found Foliemib's Weapon Shop.
   366 | D:1      | Found Anwynuak's Antique Armour Shoppe.
   551 | D:1      | Found a faded altar of an unknown god.
   563 | D:1      | Became a worshipper of Cheibriados the Contemplative
   563 | D:1      | Reached * piety under Cheibriados
   975 | D:2      | Reached XP level 3. HP: 25/25 MP: 3/3
  1031 | D:2      | Noticed Jessica
  1037 | D:2      | Killed Jessica
  1038 | D:2      | Reached skill level 1 in Fighting
  1038 | D:2      | Reached skill level 1 in Short Blades
  1038 | D:2      | Reached skill level 1 in Long Blades
  1038 | D:2      | Reached skill level 1 in Maces & Flails
  1038 | D:2      | Reached skill level 1 in Polearms
  1038 | D:2      | Reached skill level 1 in Staves
  1038 | D:2      | Reached skill level 1 in Slings
  1038 | D:2      | Reached skill level 1 in Bows
  1038 | D:2      | Reached skill level 1 in Crossbows
  1038 | D:2      | Reached skill level 1 in Throwing
  1038 | D:2      | Reached skill level 1 in Dodging
  1038 | D:2      | Reached skill level 1 in Shields
  1038 | D:2      | Reached skill level 1 in Unarmed Combat
  1038 | D:2      | Reached skill level 1 in Spellcasting
  1038 | D:2      | Reached skill level 1 in Invocations
  1065 | D:2      | Reached ** piety under Cheibriados
  1066 | D:2      | Reached XP level 4. HP: 30/32 MP: 5/5
  1792 | D:2      | Reached skill level 1 in Conjurations
  1792 | D:2      | Reached skill level 1 in Hexes
  1792 | D:2      | Reached skill level 1 in Summonings
  1792 | D:2      | Reached skill level 1 in Necromancy
  1792 | D:2      | Reached skill level 1 in Translocations
  1792 | D:2      | Reached skill level 1 in Transmutations
  1792 | D:2      | Reached skill level 1 in Fire Magic
  1792 | D:2      | Reached skill level 1 in Ice Magic
  1792 | D:2      | Reached skill level 1 in Air Magic
  1792 | D:2      | Reached skill level 1 in Earth Magic
  1792 | D:2      | Reached skill level 1 in Poison Magic
  2315 | D:3      | Found Ustackal's Magic Scroll Shoppe.
  2319 | D:3      | Bought a scroll of fear for 45 gold pieces
  2441 | D:3      | Reached XP level 5. HP: 25/37 MP: 5/7
  2580 | D:3      | Reached *** piety under Cheibriados
  2708 | D:3      | Found a large runed translucent door.
  2710 | D:3      | Found a large runed translucent door.
  2710 | D:3      | Found a corrupted altar of Lugonu.
  2875 | D:3      | Reached XP level 6. HP: 26/44 MP: 8/8
  3230 | D:3      | Found a one-way gate to the infinite horrors of the Abyss.
  3789 | D:4      | Found a staircase to the Ecumenical Temple.
  4083 | D:4      | Reached XP level 7. HP: 47/50 MP: 10/10
  4122 | D:4      | Found a large runed translucent door.
  4122 | D:4      | Found a large runed translucent door.
  4130 | D:4      | Noticed raph's ghost (amateur TrBe)
  4416 | D:5      | Entered Level 5 of the Dungeon
  4610 | D:5      | Reached **** piety under Cheibriados
  5062 | D:5      | Reached XP level 8. HP: 57/57 MP: 12/12
  5489 | D:6      | Noticed Edmund
  5511 | D:6      | Killed Edmund
  5564 | D:6      | Noticed a purple ugly thing
  5599 | D:6      | Killed a purple ugly thing
  5600 | D:6      | Reached XP level 9. HP: 7/65 MP: 14/14
  5810 | D:6      | Noticed Eustachio
  5818 | D:6      | Killed Eustachio
  6109 | D:6      | Reached skill level 5 in Evocations
  6390 | D:7      | Reached skill level 5 in Stealth
  6397 | D:7      | Noticed a cyclops
  6419 | D:7      | Slain by a cyclops

Illustrated notes

Levels and vault maps discovered:
D:1:      dpeg_arrival_arbitrary_a, layout_loops_ring, basic_ecumenical_altar,
          serial_shops, shop, nicolae_shop_waterfront, nicolae_diamond_shop,
          st_stairs_5
D:2:      layout_basic, minmay_misc_feat_four_crosses, uniq_jessica
D:3:      due_chaos_kobolds, layout_basic, serial_shops, shop, minivault_23
D:4:      layout_layer_cave, minmay_temple_entry_crystal_x,
          ebering_ghost_disaster_area, chequers_garden
D:5:      layout_cave_pods, minivault_24
D:6:      layout_cave_pods, uniq_edmund, uniq_eustachio
D:7:      layout_cave_pools, serial_shops, kennysheep_mini_moat, shop, shop

Skill      XL: |  1  2  3  4  5  6  7  8  9 |
---------------+----------------------------+-----
Fighting       | 1 2 3 4 |  4.3
Short Blades   | 1 2 3 4 |  4.3
Long Blades    | 1 2 3 4 |  4.3
Maces & Flails | 1 2 3 4 |  4.3
Polearms       | 1 2 3 4 |  4.3
Staves         | 1 2 3 4 |  4.3
Slings         | 1 2 3 4 |  4.3
Bows           | 1 2 3 4 |  4.3
Crossbows      | 1 2 3 4 |  4.3
Throwing       | 1 2 3 4 |  4.3
Dodging        | 1 2 3 4 |  4.3
Shields        | 1 2 3 4 |  4.3
Unarmed Combat | 1 2 3 4 |  4.3
Spellcasting   | 1 2 3 4 |  4.3
Invocations    | 1 2 3 4 |  4.7
Conjurations   | 1 2 3 |  3.5
Hexes          | 1 2 3 |  3.5
Summonings     | 1 2 3 |  3.5
Necromancy     | 1 2 3 |  3.5
Translocations | 1 2 3 |  3.5
Transmutations | 1 2 3 |  3.5
Fire Magic     | 1 2 3 |  3.5
Ice Magic      | 1 2 3 |  3.5
Air Magic      | 1 2 3 |  3.5
Earth Magic    | 1 2 3 |  3.5
Poison Magic   | 1 2 3 |  3.5
Evocations     | 3 4 5 |  5.1
Stealth        | 3 4 5 |  5.0
Axes           | 9 |  9.6
Armour         | 9 |  9.6

Action                   |  1- 3 |  4- 6 |  7- 9 || total
-------------------------+-------+-------+-------++-------
Melee: Hand axe          |    95 |   193 |   177 ||   465
       Bite              |     6 |    36 |    48 ||    90
       Punch             |       |     1 |     8 ||     9
       Rapier            |       |       |    45 ||    45
       Flail             |       |       |     3 ||     3
Throw: Boomerang         |       |     4 |    72 ||    76
  Use: Scroll            |       |       |     9 ||     9
 Stab: Sleeping          |       |     1 |       ||     1
Armor: Scale mail        |    57 |    87 |    81 ||   225
Dodge: Dodged            |    48 |    86 |   126 ||   260
